Celery, neutral female gnomish Wizard -------------------- |.........^^^^^^^^.| |.....------------.| --.----..--------|.| |.--....0......||.| ---f0..-.0.0.|...||.| |...G.-..|.0.|----|.| |.-.....0|0--------+| |..-.--0....| |.....| --......--.-| |.....| --.....0.0.| |.....| ---.>---..| |..<..| ----.|..| |.....| ---- |.....| |.....| ------- Celery the Thaumaturge Experience level: 8 Strength: 12 Dexterity: 15 Constitution: 16 Intelligence: 17 Wisdom: 14 Charisma: 10 Health: 0(42) Energy: 38(61) AC: 8 Gold: 711 Moves: 5066 Your Inventory: Coins $ - 711 gold pieces Amulets W - an [uncursed] circular amulet [of magical breathing] Weapons a - a blessed +1 quarterstaff (weapon in hands) w - an [uncursed +0] runed dagger [elven] (in quiver) Armor b - a blessed +0 cloak of magic resistance (being worn) r - an [uncursed +0] mummy wrapping x - an [uncursed +0] pair of walking shoes [low] K - a [blessed] +0 iron skull cap [orcish helm] (being worn) L - an [uncursed +0] pair of hard shoes [iron] Comestibles t - 7 [uncursed] food rations v - an [uncursed stale] egg Scrolls i - an uncursed scroll of food detection j - an uncursed scroll of stinking cloud k - a blessed scroll of charging o - an [uncursed] scroll labeled READ ME [of create monster] p - 2 [uncursed] scrolls called earth [of earth] A - 3 [uncursed] unlabeled scrolls [of blank paper] B - a [cursed] unlabeled scroll [of blank paper] D - an [uncursed] scroll labeled PHOL ENDE WODAN [of identify] I - an [uncursed] scroll labeled AQUE BRAGH [of destroy armor] J - an [uncursed] scroll labeled VAS CORP BET MANI [of punishment] Q - an [uncursed] scroll labeled YUM YUM [of flood] U - an [uncursed] scroll labeled MAPIRO MAHAMA DIROMAT [of teleportation] Y - an [uncursed] scroll labeled ELAM EBOW [of light] Spellbooks l - a blessed spellbook of force bolt m - an uncursed spellbook of create monster H - an [uncursed] spellbook of identify Potions h - an uncursed potion of see invisible q - a [blessed] orange potion [of blindness] u - 2 [uncursed] clear potions [of water] N - a [blessed] soapy potion [of monster detection] R - an [uncursed] emerald potion [of full healing] V - an [uncursed] dark green potion [of gain ability] Rings d - an uncursed +1 ring of gain strength (on right hand) e - an uncursed ring of searching F - an [uncursed] gold ring [of regeneration] O - an [uncursed +1] silver ring [of gain constitution] Wands c - a blessed wand of striking (0:1) Tools n - an uncursed magic marker (0:21) y - an [uncursed oil] lamp M - an [uncursed] magic marker [0:26] Gems z - an [uncursed] red gem [worthless glass] C - an [uncursed] white gem [worthless glass] E - an [uncursed] red gem [garnet] G - 2 [uncursed] yellow gems [worthless glass] P - an [uncursed] orange gem [worthless glass] S - an [uncursed] yellowish brown gem [amber] T - an [uncursed] blue gem [worthless glass] Spells known in the end: Name Level Category Fail Memory a - force bolt 1 attack 0% [||||||..] b - create monster 2 clerical 65% [||||||..] c - confuse monster 2 enchantment 0% [|||||||.] d - identify 3 divination 92% [||||||||] Your skills at the end: Fighting Skills Weapon Skills quarterstaff [Basic / Expert] Spellcasting Skills attack spells [Skilled / Expert] enchantment spells [Basic / Skilled] Final Attributes: You were piously aligned. Hunger level was 970. Your alignment was 33 / 35. Monster difficulty range was 0 - 6. Level difficulty was 4. You were magic-protected. You had infravision. Your luck was zero. You are dead. Vanquished creatures: 3 leprechauns an iron piercer an orc mummy a jaguar a blue jelly 2 wood nymphs a water nymph 7 Uruk-hai an orc shaman a rock piercer 2 enormous rats a rock mole a shrieker a kobold mummy 2 elf zombies a paper golem 3 giant ants a dwarf 2 homunculi 2 kobold lords 3 hill orcs 11 rothes a rabid rat a dwarf zombie 2 iguanas 8 killer bees an acid blob 4 coyotes a gas spore 4 hobbits 3 giant rats 2 cave spiders 5 yellow molds a green mold a red mold 3 garter snakes 2 gnome zombies 7 geckos 5 jackals 3 foxes 3 kobolds 2 goblins 5 grid bugs a bat a lichen a kobold zombie 5 newts 121 creatures vanquished. Voluntary challenges: You were an atheist. You used a wielded weapon 69 times. You read items or engraved 11 times. You put on armor 9 times. You never genocided any monsters. You never polymorphed an object. You never changed form. You used no wishes. You never wrote Elbereth's name. You never encountered a bones level. You never used any Sokoban shortcuts. Dungeon overview: The Dungeons of Doom: levels 1 to 6 Level 1 a long staircase Level 2 a general store Level 3 a long staircase Level 4 a general store, a fountain Level 5 many fountains Level 6 stairs to Sokoban Sokoban: levels 4 to 5 Level 4 <- You were here Level 5 stairs to The Dungeons of Doom History has recorded: On T:1 you entered the Dungeons of Doom to retrieve the Amulet of Yendor! On T:452 you reached level 2 of The Dungeons of Doom. On T:483 you advanced to experience level 2. On T:519 you advanced to experience level 3. On T:707 you advanced to experience level 4. On T:942 you advanced to experience level 5. On T:1133 you reached level 3 of The Dungeons of Doom. On T:1491 you reached level 4 of The Dungeons of Doom. On T:1583 you advanced to experience level 6. On T:2319 you advanced to experience level 7. On T:2443 you reached level 5 of The Dungeons of Doom. On T:3578 you reached level 6 of The Dungeons of Doom. On T:3730 you advanced to experience level 8. On T:3917 you reached level 3 of Sokoban. On T:4794 you reached level 2 of Sokoban. Latest messages: The boulder falls into and plugs a hole in the floor! With great effort you move the boulder. (2x) The boulder falls into and plugs a hole in the floor! With great effort you move the boulder. The jaguar hits! (2x) The jaguar bites! [HP-12=30] The spell misses the jaguar. The jaguar hits! (2x) The jaguar bites! [HP-10=20] The spell hits the jaguar! The jaguar hits! (2x) The jaguar bites! [HP-10=10] The spell hits the jaguar! The jaguar hits! (2x) The jaguar bites! The jaguar hits! You die... Final status: Goodbye Celery the Wizard... You died in Sokoban on dungeon level 4 with 3102 points, and 711 pieces of gold, after 5066 moves. You were level 8 with a maximum of 42 hit points when you died.